[Event "White Rook U14 Final 2019"]
[Site "Sochi"]
[Date "2019.06.07"]
[Round "6.33"]
[White "Silva, Kaua Marques"]
[Black "Shakhov, Dmitriy"]
[Result "1-0"]
[ECO "B39"]
[WhiteElo "1991"]
[BlackElo "1624"]
[Annotator "NA"]
[PlyCount "71"]
[EventDate "2019.06.02"]
[EventCountry "RUS"]
[SourceTitle "playchess.com"]
[Source "ChessBase"]
[SourceQuality "1"]
[TimeControl "5400+30"]

1. e4 c5 2. Nf3 Nc6 3. d4 cxd4 4. Nxd4 g6 5. c4 Bg7 6. Be3 Nf6 7. Nc3 Ng4 8. Qxg4 Nxd4 9. Qd1 Nc6 10. Be2 O-O 11. O-O d6 12. Qd2 Be6 13. Rab1 $146 {[%emt 0:00:30] B39: Sicilian: Maroczy Bind with 5...Bg7 and 7...Ng4} ({Predecessor:} 13. Rac1 Qa5 14. b3 a6 15. f4 f5 16. Bf3 Kh8 17. exf5 gxf5 18. Rfe1 Bf7 19. Kh1 e5 20. Bxc6 bxc6 21. Qxd6 Rfe8 22. fxe5 {1-0 (61) Roiz,M (2680)-Cmilyte,V (2508) Helsingor 2008}) 13... f5 14. exf5 Bxf5 15. Bd3 Qd7 16. Rbd1 Ne5 17. Bxf5 Rxf5 18. Qe2 Rh5 19. h3 Rf8 20. f4 Nc6 21. Qf3 (21. Ne4 $14) 21... Ra5 (21... Bxc3 $5 22. bxc3 Qe6 $11) 22. c5 Qe6 23. cxd6 exd6 $11 24. Rfe1 Bxc3 25. bxc3 Qc4 26. Rxd6 Rxa2 27. Rb1 Qf7 28. Qd1 Re8 29. Rd7 Qe6 30. Bf2 b6 31. Rd6 Qc4 32. Qf3 Na5 33. f5 Rxf2 34. Qxf2 Qe4 35. Rf1 Qxf5 36. Qa2+ 1-0

[Event "White Rook U14 Final 2019"]
[Site "Sochi"]
[Date "2019.06.07"]
[Round "6.34"]
[White "Bratov, Ademir"]
[Black "Da Rosa, Henrique Jaze Simoes"]
[Result "1-0"]
[ECO "C55"]
[WhiteElo "1725"]
[BlackElo "1645"]
[Annotator "NA"]
[PlyCount "24"]
[EventDate "2019.06.02"]
[EventCountry "RUS"]
[SourceTitle "playchess.com"]
[Source "ChessBase"]
[SourceQuality "1"]
[TimeControl "5400+30"]

1. e4 e5 2. Nf3 Nc6 3. Bc4 Nf6 4. d3 Be7 5. c3 O-O 6. Bb3 d6 7. Nbd2 Na5 8. Bc2 c5 9. O-O Nc6 10. Re1 h6 11. Nf1 Be6 12. Ng3 Qc7 1-0

[Event "White Rook U14 Final 2019"]
[Site "Sochi"]
[Date "2019.06.07"]
[Round "6.35"]
[White "Parreira, Teodora Ribeiro"]
[Black "Druchenko, Mikhail"]
[Result "0-1"]
[ECO "C56"]
[WhiteElo "1617"]
[BlackElo "1774"]
[Annotator "NA"]
[PlyCount "160"]
[EventDate "2019.06.02"]
[EventCountry "RUS"]
[SourceTitle "playchess.com"]
[Source "ChessBase"]
[SourceQuality "1"]
[TimeControl "5400+30"]

1. e4 e5 2. Nf3 Nc6 3. Bc4 Bc5 4. c3 Nf6 5. d4 exd4 6. O-O Nxe4 7. cxd4 d5 8. dxc5 dxc4 9. Qxd8+ Kxd8 10. Rd1+ Bd7 11. Be3 Ke7 12. Rc1 Be6 13. Na3 Nb4 14. Ne5 c3 15. b3 f6 16. Nec4 Bxc4 17. Nxc4 Nd3 18. Rc2 Rhd8 19. Na5 Rab8 20. f3 Nexc5 21. Rxc3 Rd5 22. b4 Ne6 23. a3 c5 24. bxc5 Ndxc5 25. Rac1 Kd6 26. Nc4+ Kc6 27. Na5+ Kd6 28. Nc4+ Kd7 29. Nd2 b6 30. Nb3 Nxb3 31. Rxb3 Rd8 32. Kf2 Kd6 33. Re1 Nd4 34. Rd3 Ne6 35. Rc3 Nc5 36. Ke2 Kc6 37. Kf2 R8d7 38. Rec1 Kd6 39. Bf4+ Ke6 40. Ke2 Nd3 41. Rc6+ Kf7 42. R1c4 Re7+ 43. Be3 Ne5 44. Kf2 Nxc6 45. Rxc6 Rd3 46. Bc1 Rdd7 47. Bf4 g5 48. Bg3 Re6 49. Rc2 b5 50. Rb2 Rb6 51. Ke2 a5 52. Be1 a4 53. Bb4 Re6+ 54. Kf2 Rd3 55. Rc2 Rb3 56. Kg3 h5 57. h4 g4 58. Rc7+ Ke8 59. Rc5 Re5 60. Rc6 Rf5 61. Re6+ Kd7 62. Re7+ Kc6 63. Re6+ Kd5 64. Rd6+ Kc4 65. Rc6+ Kd4 66. Rd6+ Ke5 67. Rb6 gxf3 68. Rxb5+ Ke4 69. Rxf5 fxg2+ 70. Kxg2 Kxf5 71. Be7 Kg4 72. Kf2 Kxh4 73. Bxf6+ Kg4 74. Be7 h4 75. Kg2 h3+ 76. Kh1 Rd3 77. Kh2 Rd2+ 78. Kh1 Kg3 79. Bc5 h2 80. Bf2+ Kxf2 0-1

[Event "White Rook U14 Final 2019"]
[Site "Sochi"]
[Date "2019.06.08"]
[Round "7.1"]
[White "Tugstumur, Yesuntumur"]
[Black "Abrazevich, Yauheni"]
[Result "1/2-1/2"]
[ECO "E94"]
[WhiteElo "2356"]
[BlackElo "1888"]
[Annotator "NA"]
[PlyCount "134"]
[EventDate "2019.06.02"]
[EventCountry "RUS"]
[SourceTitle "playchess.com"]
[Source "ChessBase"]
[SourceQuality "1"]
[TimeControl "5400+30"]

1. d4 Nf6 2. c4 g6 3. Nc3 Bg7 4. e4 d6 5. Nf3 O-O 6. Be2 e5 7. O-O exd4 8. Nxd4 Re8 9. Bd3 Nfd7 10. Be3 Ne5 11. Be2 Nec6 12. Nxc6 Nxc6 13. f3 Be6 14. Qd2 Ne5 15. b3 Nc6 16. Rac1 f5 17. Nd5 Ne5 18. Bg5 Qd7 19. f4 Nf7 20. Nf6+ Bxf6 21. Bxf6 h6 22. Bf3 c6 23. Bb2 Kh7 24. Qc3 Rg8 25. exf5 Bxf5 26. Rfe1 Raf8 27. h3 g5 28. g4 gxf4 29. Kh2 Bg6 30. Rcd1 Qd8 31. Re6 Re8 32. Rxe8 Qxe8 33. c5 d5 34. Re1 Qd8 35. Bg2 Ng5 36. Qe5 f3 37. Qe7+ Qxe7 38. Rxe7+ Bf7 39. h4 Re8 40. Rxe8 Bxe8 41. hxg5 fxg2 42. gxh6 Kxh6 43. Kxg2 b6 44. Bd4 bxc5 45. Bxc5 a6 46. Kg3 Kg5 47. Be7+ Kg6 48. Kf4 Bd7 49. Bc5 Kf6 50. b4 Kg6 51. a3 Kf6 52. Be3 Kg6 53. g5 Bf5 54. Ke5 Bc2 55. Bd2 Ba4 56. Kd4 Bb5 57. Kc5 Kf5 58. Kb6 Kg6 59. Ka5 Kf5 60. a4 Bc4 61. Kb6 Bb3 62. a5 Bc4 63. Kxc6 Kg6 64. Kc5 Kf5 65. Kd4 Kg6 66. Ke5 Bb5 67. Kxd5 Bf1 1/2-1/2

[Event "White Rook U14 Final 2019"]
[Site "Sochi"]
[Date "2019.06.08"]
[Round "7.2"]
[White "Dyl, Nikita"]
[Black "Munkhzul, Davaakhuu"]
[Result "0-1"]
[ECO "D07"]
[WhiteElo "1646"]
[BlackElo "1806"]
[Annotator "NA"]
[PlyCount "57"]
[EventDate "2019.06.02"]
[EventCountry "RUS"]
[SourceTitle "playchess.com"]
[Source "ChessBase"]
[SourceQuality "1"]
[TimeControl "5400+30"]

1. d4 d5 2. c4 Nc6 3. e3 Bf5 4. Qb3 e6 5. Qxb7 Nb4 6. Na3 a6 7. Bd2 Rb8 8. Qa7 Rb6 9. Bxb4 Bxb4+ 10. Kd1 Bxa3 11. bxa3 Nf6 12. c5 Rb2 13. f3 O-O 14. Qxa6 Qb8 15. Ke1 Rb1+ 16. Rxb1 Qxb1+ 17. Kf2 Rb8 18. Be2 h6 19. g4 Nxg4+ 20. fxg4 Be4 21. Bf3 Bxf3 22. Nxf3 Qxh1 23. Qe2 Qc1 24. Kg3 Qxa3 25. Ne5 f6 26. Qd3 Qxa2 27. Nd7 Rb2 28. Nxf6+ Kf7 29. Qf1 0-1

[Event "White Rook U14 Final 2019"]
[Site "Sochi"]
[Date "2019.06.08"]
[Round "7.3"]
[White "Aldar Burentegsh"]
[Black "Zaiko, Stanislav"]
[Result "1/2-1/2"]
[ECO "C50"]
[WhiteElo "1812"]
[BlackElo "1176"]
[Annotator "NA"]
[PlyCount "66"]
[EventDate "2019.06.02"]
[EventCountry "RUS"]
[SourceTitle "playchess.com"]
[Source "ChessBase"]
[SourceQuality "1"]
[TimeControl "5400+30"]

1. e4 e5 2. Nf3 Nc6 3. Bc4 Bc5 4. Nc3 Nf6 5. O-O O-O 6. d3 d6 7. Bg5 h6 8. Bh4 Bg4 9. h3 Bxf3 10. Qxf3 Nd4 11. Qd1 c6 12. Ne2 Nxe2+ 13. Qxe2 g5 14. Bg3 Qe7 15. Bb3 Kh8 16. Rad1 Rad8 17. c3 Bb6 18. Rfe1 Rd7 19. d4 exd4 20. cxd4 Ba5 21. e5 Bxe1 22. Rxe1 dxe5 23. Qxe5 Qxe5 24. Bxe5 Kg7 25. Re3 Rfd8 26. Rf3 Rd6 27. Kf1 Kg6 28. Bc2+ Kg7 29. Bb3 Kg6 30. Bc2+ Kg7 31. Bb3 Kg6 32. Bc2+ Kg7 33. Bb3 Kg6 1/2-1/2

[Event "White Rook U14 Final 2019"]
[Site "Sochi"]
[Date "2019.06.08"]
[Round "7.4"]
[White "Zeliantsova, Kseniya"]
[Black "Unurzul, Davaakhuu"]
[Result "1-0"]
[ECO "C89"]
[WhiteElo "1892"]
[BlackElo "1442"]
[Annotator "NA"]
[PlyCount "79"]
[EventDate "2019.06.02"]
[EventCountry "RUS"]
[SourceTitle "playchess.com"]
[Source "ChessBase"]
[SourceQuality "1"]
[TimeControl "5400+30"]

1. e4 e5 2. Nf3 Nc6 3. Bb5 a6 4. Ba4 Nf6 5. O-O Be7 6. Re1 b5 7. Bb3 O-O 8. c3 d5 9. exd5 Nxd5 10. Nxe5 Nxe5 11. Rxe5 c6 12. d4 Bd6 13. Re1 Qh4 14. g3 Qh3 15. Be3 Bg4 16. Qd3 Rae8 17. Nd2 Re6 18. Qf1 Qh5 19. Qg2 Rfe8 20. Bxd5 cxd5 21. a4 Bh3 22. Qh1 Bg4 23. axb5 axb5 24. Ra5 f5 25. Qxd5 Kh8 26. Ra8 Qg6 27. Nf3 h6 28. Ne5 Bxe5 29. Rxe8+ Qxe8 30. Bf4 Bh5 31. Bxe5 Bf7 32. Qf3 Bg6 33. Ra1 Kh7 34. Qa8 Qf7 35. f4 Bh5 36. Qb8 Qe8 37. Qxe8 Bxe8 38. Ra7 Rg6 39. d5 h5 40. Re7 1-0

[Event "White Rook U14 Final 2019"]
[Site "Sochi"]
[Date "2019.06.08"]
[Round "7.5"]
[White "Sargsyan, Gor K."]
[Black "Putrenko, Kirill"]
[Result "0-1"]
[ECO "B80"]
[WhiteElo "1641"]
[BlackElo "2010"]
[Annotator "NA"]
[PlyCount "60"]
[EventDate "2019.06.02"]
[EventCountry "RUS"]
[SourceTitle "playchess.com"]
[Source "ChessBase"]
[SourceQuality "1"]
[TimeControl "5400+30"]

1. e4 c5 2. Nf3 d6 3. d4 cxd4 4. Nxd4 Nf6 5. Nc3 a6 6. f3 e6 7. Be3 b5 8. Qd2 Nbd7 9. g4 Nb6 10. h4 Bb7 11. Nb3 b4 12. Nd1 d5 13. Nf2 Nfd7 14. O-O-O Qc7 15. Na5 Rc8 16. Nxb7 Qxb7 17. exd5 Nxd5 18. Bd4 Nc3 19. Ne4 Nxd1 20. Bxg7 Nc3 21. Bxh8 Nxe4 22. fxe4 Nc5 23. Kb1 Nxe4 24. Qh2 Bd6 25. Qg2 Qd5 26. b3 e5 27. Rg1 Qd1+ 28. Kb2 Qd4+ 29. Kb1 Nc3+ 30. Kb2 Ne2+ 0-1

[Event "White Rook U14 Final 2019"]
[Site "Sochi"]
[Date "2019.06.08"]
[Round "7.6"]
[White "Ismagilov, Igor"]
[Black "Grigoryan, Hayk V."]
[Result "1-0"]
[ECO "A45"]
[WhiteElo "1803"]
[BlackElo "1423"]
[Annotator "NA"]
[PlyCount "127"]
[EventDate "2019.06.02"]
[EventCountry "RUS"]
[SourceTitle "playchess.com"]
[Source "ChessBase"]
[SourceQuality "1"]
[TimeControl "5400+30"]

1. d4 Nf6 2. Bf4 g6 3. c3 Bg7 4. Nd2 d5 5. e3 O-O 6. Be2 Nbd7 7. h3 c5 8. Ngf3 cxd4 9. exd4 Re8 10. O-O Ne4 11. Nxe4 dxe4 12. Ne5 Nxe5 13. dxe5 Qb6 14. Qb3 Qc7 15. Qc4 Qxc4 16. Bxc4 Bd7 17. e6 Bxe6 18. Bxe6 fxe6 19. Rfe1 Rac8 20. Rxe4 Rc6 21. Rd1 Rb6 22. Re2 e5 23. Bg3 Rd6 24. Rde1 Red8 25. Bxe5 Bxe5 26. Rxe5 e6 27. b3 Kf7 28. c4 Ra6 29. R5e2 Rd3 30. f3 Rad6 31. Kf2 a5 32. Re3 Rd2+ 33. R1e2 Rd1 34. Re5 a4 35. bxa4 Rc1 36. Rb5 b6 37. a5 bxa5 38. Rxa5 Rxc4 39. Ra7+ Kf6 40. Rxh7 Ra4 41. Rb7 Rda6 42. Rbb2 Ra3 43. g4 g5 44. Kg3 Kg6 45. Rf2 Kf6 46. h4 gxh4+ 47. Kxh4 Kg6 48. Kg3 Kg5 49. Rfd2 Kg6 50. Re2 Kg5 51. Re5+ Kf6 52. Rbe2 Kf7 53. g5 Kg6 54. Kg4 Kf7 55. f4 Rc3 56. Rb2 Rc7 57. Reb5 Kg6 58. Rb6 Rc6 59. Rxc6 Rxc6 60. a4 Ra6 61. Rb4 Ra5 62. Re4 Kf7 63. Kh5 Rf5 64. Kh6 1-0

[Event "White Rook U14 Final 2019"]
[Site "Sochi"]
[Date "2019.06.08"]
[Round "7.7"]
[White "Hovhannisyan, Artyom"]
[Black "Khodko, Yurii N."]
[Result "0-1"]
[ECO "C18"]
[WhiteElo "1458"]
[BlackElo "1727"]
[Annotator "NA"]
[PlyCount "158"]
[EventDate "2019.06.02"]
[EventCountry "RUS"]
[SourceTitle "playchess.com"]
[Source "ChessBase"]
[SourceQuality "1"]
[TimeControl "5400+30"]

1. e4 e6 2. d4 d5 3. Nc3 Bb4 4. e5 c5 5. a3 Bxc3+ 6. bxc3 Ne7 7. f4 b6 8. Nf3 Ba6 9. Bd3 Bxd3 10. Qxd3 h5 11. Bd2 c4 12. Qe2 Nbc6 13. Qf2 Nf5 14. g3 g6 15. Bc1 b5 16. Bd2 a5 17. O-O Rb8 18. Rfb1 Qe7 19. Be1 Kd7 20. Qd2 Rb6 21. Ng5 Rb7 22. Qc1 b4 23. axb4 axb4 24. cxb4 Nfxd4 25. Qd1 Nf5 26. c3 Nxe5 27. Qa4+ Nc6 28. b5 Nd8 29. Nf3 f6 30. Bf2 Ke8 31. b6+ Kf7 32. Qb5 Nd6 33. Qa5 Ne4 34. Be3 Nc6 35. Qb5 Qd7 36. Nd4 Nxd4 37. Qxd7+ Rxd7 38. Bxd4 Nd2 39. Rb5 Nf3+ 40. Kf2 Nxd4 41. cxd4 Rb8 42. Ke2 Ke7 43. Kd2 Kd6 44. Kc3 Rdb7 45. Rab1 Ra8 46. R1b2 Ra3+ 47. Kb4 Ra1 48. Kc3 Rd1 49. Ra2 Rd3+ 50. Kb4 Rxd4 51. Ra7 c3+ 52. Kxc3 Rc4+ 53. Kd3 Kc6 54. Rb2 Rxa7 55. bxa7 Ra4 56. Rb8 Rxa7 57. Rf8 Ra2 58. Rxf6 Kd7 59. Rxg6 Rxh2 60. Rg7+ Kd6 61. Rg6 Ke7 62. Ke3 Rh3 63. Kf2 h4 64. gxh4 Rxh4 65. Ke3 Rh3+ 66. Kd4 Rf3 67. Rg4 Kf6 68. Rh4 Kf5 69. Rh5+ Kxf4 70. Rh6 Kf5 71. Rh5+ Kf6 72. Rh6+ Ke7 73. Kc5 Rc3+ 74. Kd4 Rc4+ 75. Kd3 Kd6 76. Rg6 Rh4 77. Ke3 d4+ 78. Kd3 Kd5 79. Rg3 e5 0-1

[Event "White Rook U14 Final 2019"]
[Site "Sochi"]
[Date "2019.06.08"]
[Round "7.8"]
[White "Loviagina, Dariana"]
[Black "Hakobyan, Astghik"]
[Result "0-1"]
[ECO "A49"]
[WhiteElo "1297"]
[BlackElo "1791"]
[Annotator "NA"]
[PlyCount "120"]
[EventDate "2019.06.02"]
[EventCountry "RUS"]
[SourceTitle "playchess.com"]
[Source "ChessBase"]
[SourceQuality "1"]
[TimeControl "5400+30"]

1. Nf3 Nf6 2. b3 g6 3. Bb2 Bg7 4. g3 d6 5. d4 O-O 6. Bg2 Nbd7 7. O-O c5 8. e3 Qc7 9. c4 cxd4 10. Nxd4 a6 11. Nd2 Rb8 12. Rc1 Nc5 13. Qc2 e5 14. Ne2 Bd7 15. e4 b5 16. Nc3 Bh6 17. Nd5 Nxd5 18. exd5 Bf5 19. Qd1 Bd3 20. Re1 bxc4 21. Nxc4 Bxc1 22. Qxc1 Bf5 23. Ne3 Qd7 24. Qd2 Nd3 25. Re2 Nxb2 26. Qxb2 Bh3 27. Nc4 Bxg2 28. Kxg2 Rfc8 29. Qd2 Rc5 30. Na5 Rbb5 31. Nc4 Rxd5 32. Qe3 Qc6 33. Qf3 Rdc5 34. Qxc6 Rxc6 35. Rd2 Rb8 36. Rxd6 Rxd6 37. Nxd6 f5 38. Nc4 e4 39. f4 Kf7 40. Kf2 Ke6 41. Ke3 Rd8 42. Ke2 Kd5 43. Ke3 Kc5 44. Ke2 Kb4 45. h3 Rd3 46. Ne3 Kc3 47. g4 Rd2+ 48. Ke1 Kd3 49. Nd5 e3 50. Nb4+ Ke4 51. Nxa6 Rxa2 52. Nb4 Rb2 53. gxf5 Kf3 54. Kd1 e2+ 55. Ke1 Rb1+ 56. Kd2 e1=Q+ 57. Kd3 Qe4+ 58. Kc3 Rc1+ 59. Kb2 Qb1+ 60. Ka3 Rc3 0-1

[Event "White Rook U14 Final 2019"]
[Site "Sochi"]
[Date "2019.06.08"]
[Round "7.9"]
[White "Kuzmin, Roman"]
[Black "Mongush, Kezhik"]
[Result "1/2-1/2"]
[ECO "B70"]
[WhiteElo "2119"]
[BlackElo "1824"]
[Annotator "NA"]
[PlyCount "91"]
[EventDate "2019.06.02"]
[EventCountry "RUS"]
[SourceTitle "playchess.com"]
[Source "ChessBase"]
[SourceQuality "1"]
[TimeControl "5400+30"]

1. e4 c5 2. Nf3 Nc6 3. d4 cxd4 4. Nxd4 g6 5. Be2 Bg7 6. Nb3 Nf6 7. Nc3 O-O 8. O-O d6 9. Re1 Be6 10. Bf1 Rc8 11. Nd5 Nd7 12. Nf4 Bxb3 13. axb3 Nc5 14. f3 e6 15. c3 a5 16. Be3 Qc7 17. Nd3 Rfd8 18. Nxc5 dxc5 19. Qe2 b6 20. Bg5 Rd7 21. Red1 Rxd1 22. Rxd1 h6 23. Bh4 Be5 24. h3 g5 25. Bf2 Rd8 26. Rxd8+ Qxd8 27. Qb5 Qc7 28. h4 Kg7 29. hxg5 hxg5 30. Be2 Na7 31. Qa6 Nc8 32. Kf1 Ne7 33. Qd3 Ng6 34. Qd2 Bf4 35. Qe1 Qd8 36. g3 Be5 37. Kg2 Qd7 38. Be3 f6 39. Qh1 Qc6 40. Qf1 Qd6 41. Qe1 Qc6 42. Qd2 Qd6 43. Qxd6 Bxd6 44. b4 axb4 45. cxb4 Ne5 46. bxc5 1/2-1/2

[Event "White Rook U14 Final 2019"]
[Site "Sochi"]
[Date "2019.06.08"]
[Round "7.10"]
[White "Fomkin, Dmitry"]
[Black "Pingin, Artem"]
[Result "1/2-1/2"]
[ECO "B51"]
[WhiteElo "1733"]
[BlackElo "2108"]
[Annotator "NA"]
[PlyCount "108"]
[EventDate "2019.06.02"]
[EventCountry "RUS"]
[SourceTitle "playchess.com"]
[Source "ChessBase"]
[SourceQuality "1"]
[TimeControl "5400+30"]

1. e4 c5 2. Nf3 d6 3. Bb5+ Nd7 4. d4 cxd4 5. Qxd4 a6 6. Bxd7+ Bxd7 7. c4 e5 8. Qd3 Be7 9. Nc3 h6 10. O-O Nf6 11. h3 O-O 12. Be3 b5 13. cxb5 axb5 14. a3 Qb8 15. b4 Qb7 16. Nd2 Bc6 17. f3 d5 18. exd5 Nxd5 19. Nxd5 Bxd5 20. Rfc1 Rfd8 21. Qe2 f5 22. Bc5 Bf6 23. a4 e4 24. fxe4 fxe4 25. a5 Bxa1 26. Rxa1 Re8 27. Qe3 Qc6 28. Ra3 Bf7 29. Rc3 Qd7 30. Qf4 Qd5 31. Rg3 Kh7 32. Nf1 g5 33. Qf6 Qe6 34. Qb2 Rad8 35. Ne3 Rd3 36. h4 Kg6 37. h5+ Kh7 38. Ng4 Bxh5 39. Nf6+ Kg6 40. Rxd3 exd3 41. Nxe8 Qxe8 42. Qd2 Qe4 43. Qe3 Qxe3+ 44. Bxe3 Kf5 45. Kf2 Be8 46. Bc5 Ke4 47. Bf8 h5 48. Bh6 Kf4 49. g3+ Kg4 50. Ke3 h4 51. gxh4 gxh4 52. Bf8 h3 53. Bd6 Bg6 54. a6 Be4 1/2-1/2

[Event "White Rook U14 Final 2019"]
[Site "Sochi"]
[Date "2019.06.08"]
[Round "7.11"]
[White "Shirkunov, Alexandr"]
[Black "Ponomarev, Andrey A."]
[Result "1/2-1/2"]
[ECO "D85"]
[WhiteElo "1557"]
[BlackElo "1919"]
[Annotator "NA"]
[PlyCount "62"]
[EventDate "2019.06.02"]
[EventCountry "RUS"]
[SourceTitle "playchess.com"]
[Source "ChessBase"]
[SourceQuality "1"]
[TimeControl "5400+30"]

1. d4 Nf6 2. c4 g6 3. Nc3 d5 4. cxd5 Nxd5 5. e4 Nxc3 6. bxc3 Bg7 7. Nf3 c5 8. Rb1 O-O 9. Be2 cxd4 10. cxd4 Qa5+ 11. Qd2 Qxd2+ 12. Bxd2 b6 13. O-O e6 14. Rbc1 Bb7 15. Bb4 Rd8 16. Rc7 Bxe4 17. Ng5 Bd5 18. Nxf7 Rd7 19. Rxd7 Nxd7 20. Ng5 Bxd4 21. Bg4 Bc5 22. Nxe6 Bxa2 23. Bc3 Be7 24. Ra1 Bc4 25. Nc7 Rd8 26. Rxa7 Nf6 27. Ne6 Re8 28. Nc7 Rd8 29. Ne6 Re8 30. Nc7 Rf8 31. Ne6 Re8 1/2-1/2

[Event "White Rook U14 Final 2019"]
[Site "Sochi"]
[Date "2019.06.08"]
[Round "7.12"]
[White "Namay, Viktoria"]
[Black "Toledo Flores, Marianna"]
[Result "1-0"]
[ECO "D36"]
[WhiteElo "1359"]
[BlackElo "1530"]
[Annotator "NA"]
[PlyCount "97"]
[EventDate "2019.06.02"]
[EventCountry "RUS"]
[SourceTitle "playchess.com"]
[Source "ChessBase"]
[SourceQuality "1"]
[TimeControl "5400+30"]

1. d4 d5 2. c4 e6 3. Nc3 Nf6 4. cxd5 exd5 5. Bg5 Nbd7 6. e3 c6 7. Bd3 Be7 8. Nge2 O-O 9. O-O Re8 10. Qc2 Nf8 11. f3 Ng6 12. e4 Be6 13. e5 Nd7 14. Bxe7 Qxe7 15. f4 Bg4 16. Ng3 Qh4 17. f5 Ngf8 18. Rf4 Qg5 19. Qf2 Rac8 20. h3 Bh5 21. Nxh5 Qxh5 22. f6 g6 23. h4 Ne6 24. Rf3 Nc7 25. Rf4 Ne6 26. Rf3 Qg4 27. Ne2 Kh8 28. Nf4 c5 29. Nxe6 Rxe6 30. Rf4 Qh5 31. Be2 Qh6 32. Bg4 Rce8 33. Bxe6 Rxe6 34. dxc5 Nxe5 35. Rd1 Qf8 36. Rxd5 h5 37. Qd2 Nc6 38. b4 a6 39. a4 Kh7 40. Rd6 Qe8 41. Rf1 Re2 42. Qd5 Qe3+ 43. Kh1 Ne5 44. Rd7 Qg3 45. Rxf7+ Kh6 46. Rh7+ Kxh7 47. Qxb7+ Nd7 48. Qxd7+ Re7 49. Qxe7+ 1-0

[Event "White Rook U14 Final 2019"]
[Site "Sochi"]
[Date "2019.06.08"]
[Round "7.13"]
[White "Kurus, Artem"]
[Black "Voloshkin, Daniil"]
[Result "1/2-1/2"]
[ECO "E12"]
[WhiteElo "1769"]
[BlackElo "1557"]
[Annotator "NA"]
[PlyCount "45"]
[EventDate "2019.06.02"]
[EventCountry "RUS"]
[SourceTitle "playchess.com"]
[Source "ChessBase"]
[SourceQuality "1"]
[TimeControl "5400+30"]

1. d4 Nf6 2. c4 e6 3. Nf3 b6 4. Bf4 Bb7 5. a3 d5 6. cxd5 Nxd5 7. Bg3 Nd7 8. Qc2 Rc8 9. e4 N5f6 10. Nc3 c5 11. d5 exd5 12. exd5 Nxd5 13. O-O-O Nxc3 14. Qxc3 Qf6 15. Re1+ Be7 16. Qxf6 Nxf6 17. Bd6 Ng8 18. Bb5+ Bc6 19. Ba6 Rd8 20. Bxe7 Nxe7 21. Re2 Kf8 22. Rhe1 Nf5 23. Ng1 1/2-1/2

[Event "White Rook U14 Final 2019"]
[Site "Sochi"]
[Date "2019.06.08"]
[Round "7.14"]
[White "Vorzhevitin, Dmitriy"]
[Black "Usov, Aleksandr E."]
[Result "0-1"]
[ECO "B13"]
[WhiteElo "1346"]
[BlackElo "1812"]
[Annotator "NA"]
[PlyCount "94"]
[EventDate "2019.06.02"]
[EventCountry "RUS"]
[SourceTitle "playchess.com"]
[Source "ChessBase"]
[SourceQuality "1"]
[TimeControl "5400+30"]

1. e4 c6 2. d4 d5 3. exd5 cxd5 4. Bd3 Nc6 5. c3 Qc7 6. Ne2 Bg4 7. f3 Bd7 8. Bf4 Qb6 9. Na3 a6 10. Nc2 g6 11. O-O Bg7 12. Kh1 Nf6 13. Qd2 O-O 14. Bh6 Rac8 15. Bxg7 Kxg7 16. Ng3 e5 17. Nf5+ Bxf5 18. Bxf5 Rc7 19. Rae1 exd4 20. cxd4 Nd8 21. Bd3 Qxb2 22. Qf4 Qc3 23. Ne3 Ne6 24. Qxf6+ Kxf6 25. Nxd5+ Kg7 26. Nxc3 Rxc3 27. d5 Rxd3 28. dxe6 f5 29. h3 Kf6 30. Rc1 Kxe6 31. Rc7 Rf7 32. Re1+ Kf6 33. Rec1 Rd1+ 34. Rxd1 Rxc7 35. Rd2 Ke5 36. Kg1 b5 37. Kf2 Rb7 38. Ke2 a5 39. Kd1 Kf4 40. Kc2 Kg3 41. Kb3 Re7 42. Kb2 f4 43. Kc1 Re1+ 44. Kb2 Rg1 45. Kb3 Rxg2 46. Rd7 Kxf3 47. Rxh7 Kg3 0-1

[Event "White Rook U14 Final 2019"]
[Site "Sochi"]
[Date "2019.06.08"]
[Round "7.15"]
[White "Saikin, Ilia"]
[Black "Zenkov, Maksim"]
[Result "1-0"]
[ECO "D36"]
[WhiteElo "1641"]
[BlackElo "1394"]
[Annotator "NA"]
[PlyCount "87"]
[EventDate "2019.06.02"]
[EventCountry "RUS"]
[SourceTitle "playchess.com"]
[Source "ChessBase"]
[SourceQuality "1"]
[TimeControl "5400+30"]

1. d4 e6 2. c4 d5 3. Nc3 Nf6 4. Bg5 Nbd7 5. e3 Be7 6. Bd3 O-O 7. Qc2 c6 8. Nf3 Re8 9. cxd5 exd5 10. h3 h6 11. Bf4 Nf8 12. O-O Ne6 13. Bh2 Bd6 14. Bxd6 Qxd6 15. Rad1 Bd7 16. Ne5 Rad8 17. f4 Bc8 18. Qf2 Nf8 19. g4 N6h7 20. Rde1 Re7 21. Ne2 g6 22. Ng3 Rc7 23. f5 g5 24. f6 Re8 25. Bf5 Qxf6 26. Bxh7+ Nxh7 27. Qxf6 Nxf6 28. Rxf6 Re6 29. Ref1 Rxf6 30. Rxf6 c5 31. Nd3 c4 32. Ne5 b5 33. Rc6 Rxc6 34. Nxc6 Bd7 35. Ne7+ Kg7 36. Nxd5 a5 37. e4 b4 38. Nf5+ Kf8 39. Nd6 a4 40. Nxc4 Bb5 41. Nd2 a3 42. b3 Be2 43. Nxb4 Bd1 44. Kf2 1-0

[Event "White Rook U14 Final 2019"]
[Site "Sochi"]
[Date "2019.06.08"]
[Round "7.16"]
[White "Golikova, Alisa"]
[Black "Krupnova, Anna"]
[Result "1/2-1/2"]
[ECO "B13"]
[WhiteElo "1252"]
[BlackElo "1714"]
[Annotator "NA"]
[PlyCount "47"]
[EventDate "2019.06.02"]
[EventCountry "RUS"]
[SourceTitle "playchess.com"]
[Source "ChessBase"]
[SourceQuality "1"]
[TimeControl "5400+30"]

1. e4 c6 2. d4 d5 3. exd5 cxd5 4. Bd3 Nc6 5. c3 Qc7 6. h3 Nf6 7. Nf3 e6 8. O-O Be7 9. Re1 O-O 10. Nbd2 Rb8 11. Qc2 Bd7 12. Ne5 Rfc8 13. Qb1 b5 14. a3 a5 15. b4 a4 16. Ndf3 h6 17. Bd2 Nd8 18. Qc2 Be8 19. Rac1 Nb7 20. Bf4 Qb6 21. Qe2 Nd6 22. Nd2 Rb7 23. Rc2 Rbc7 24. Rec1 1/2-1/2

[Event "White Rook U14 Final 2019"]
[Site "Sochi"]
[Date "2019.06.08"]
[Round "7.17"]
[White "Balashov, Arseny"]
[Black "Erastov, Semen"]
[Result "1-0"]
[ECO "D94"]
[WhiteElo "1990"]
[BlackElo "2028"]
[Annotator "NA"]
[PlyCount "43"]
[EventDate "2019.06.02"]
[EventCountry "RUS"]
[SourceTitle "playchess.com"]
[Source "ChessBase"]
[SourceQuality "1"]
[TimeControl "5400+30"]

1. Nf3 d5 2. e3 g6 3. c4 Nf6 4. cxd5 Nxd5 5. Nc3 Bg7 6. d4 O-O 7. Bc4 Nxc3 8. bxc3 c5 9. O-O Nc6 10. Ba3 cxd4 11. cxd4 Bf5 12. Bd3 Qd7 13. Rb1 Bxd3 14. Qxd3 Rfd8 15. Qb5 b6 16. Rfc1 Rac8 17. h3 e6 18. Rc2 Qb7 19. Rbc1 a6 20. Qg5 Na7 21. Rc7 Qb8 22. Qe7 1-0

[Event "White Rook U14 Final 2019"]
[Site "Sochi"]
[Date "2019.06.08"]
[Round "7.18"]
[White "Zhukov, Maksim"]
[Black "Mikheev, Arsenii E."]
[Result "1-0"]
[ECO "D36"]
[WhiteElo "1986"]
[BlackElo "1500"]
[Annotator "NA"]
[PlyCount "57"]
[EventDate "2019.06.02"]
[EventCountry "RUS"]
[SourceTitle "playchess.com"]
[Source "ChessBase"]
[SourceQuality "1"]
[TimeControl "5400+30"]

1. d4 d5 2. c4 e6 3. Nc3 Nf6 4. cxd5 exd5 5. Bg5 c6 6. e3 Be7 7. Bd3 h6 8. Bh4 Nbd7 9. Nge2 Nb6 10. Qc2 Be6 11. O-O O-O 12. f3 Qd7 13. Rae1 Rfe8 14. e4 Nxe4 15. Bxe7 Nxc3 16. Bh4 Nxe2+ 17. Rxe2 Nc4 18. h3 Nd6 19. g4 f5 20. g5 h5 21. g6 f4 22. Rfe1 Bxh3 23. Re7 Rxe7 24. Rxe7 Qc8 25. Qe2 Qf8 26. Qe5 Rd8 27. Qxh5 Qxe7 28. Qh7+ Kf8 29. Qh8# 1-0